 Dungeon Crawl Stone Soup version 0.30-a0-50-gb2d611f6b1 (webtiles) character file.

Game seed: 2156747325321658927

41 timneilson the Shield-Bearer (level 3, 0/23 HPs)
             Began as a Gargoyle Fighter on Sept 3, 2022.
             Slain by a goblin
             ... wielding a +0 club
             ... led by Robin
              (2 damage)
             ... on level 2 of the Dungeon.
             The game lasted 00:01:48 (1208 turns).

timneilson the Shield-Bearer (Gargoyle Fighter)     Turns: 1208, Time: 00:01:49

Health: 0/23       AC: 11    Str: 21    XL:     3   Next: 52%
Magic:  3/3        EV:  9    Int:  8    God:
Gold:   78         SH:  4    Dex:  9    Spells: 2/2 levels left

rFire   . . .      SeeInvis .    a - +0 long sword
rCold   . . .      Faith    .    c - +0 buckler
rNeg    + . .      Spirit   .    b - +0 scale mail
rPois   ∞          Reflect  .    (no helmet)
rElec   +          Harm     .    k - +0 cloak
rCorr   .          Rampage  .    (no gloves)
Will    .....                    (no boots)
Stlth   ..........               (no amulet)
HPRegen 0.07/turn                (no ring)
MPRegen 0.08/turn                (no ring)

@: mighty
A: sickness immunity, AC +3, negative energy resistance 1, electricity
resistance, torment resistance 1, petrification resistance
a: no special abilities


You were on level 2 of the Dungeon.
You visited 1 branch of the dungeon, and saw 2 of its levels.

You collected 78 gold pieces.

Inventory:

Hand Weapons
 a - a +0 long sword (weapon)
Armour
 b - a +0 scale mail (worn)
 c - a +0 buckler (worn)
 k - a +0 cloak (worn)
Scrolls
 e - a scroll of butterflies {unknown}
Potions
 f - a potion of resistance {unknown}
 g - a potion of flight {unknown}
 j - 3 potions of mutation


   Skills:
 + Level 3.5 Fighting
 * Level 2.1 Long Blades
 * Level 3.6 Armour
 + Level 0.8 Dodging
 * Level 3.8 Shields


You had 2 spell levels left.
You didn't know any spells.
Your spell library contained the following spells:

 Spells                   Type           Power      Damage    Failure   Level
 Passwall                 Tmut/Erth      0%         N/A       93%         2
 Ice Form                 Ice/Tmut       0%         N/A       100%        4
 Blade Hands              Tmut           0%         N/A       100%        5
 Summon Mana Viper        Hex/Summ       0%         N/A       100%        5


Dungeon Overview and Level Annotations

Branches:
Dungeon (2/15)

Altars:

Annotations:
D:2 Robin


Innate Abilities, Weirdness & Mutations

You are immune to sickness and miasma.
Your stone body is resilient. (AC +3)
You are immune to poison.
You resist negative energy. (rN+)
You are resistant to electric shocks. (rElec)
You are resistant to unholy torment.
You are immune to petrification.


Message History

The goblin no longer looks unusually strong.
The giant cockroach waves its antennae.
You block the goblin's attack. x2; The goblin barely misses you.
You closely miss the goblin.
The hobgoblin no longer looks unusually strong.
The goblin no longer looks unusually strong.
You block the goblin's attack.
The goblin hits you but does no damage. x2
You slash the goblin!
You kill the goblin!
The goblin no longer looks unusually strong.
The goblin hits you but does no damage. x2
The giant cockroach bites you but does no damage.
The goblin hits you but does no damage.
A frilled lizard comes into view.
The goblin hits you with a +0 club.
* * * LOW HITPOINT WARNING * * *
The frilled lizard hisses angrily.
You slash the goblin!
You kill the goblin!
The goblin no longer looks unusually strong.
You block the giant cockroach's attack. The goblin hits you but does no damage.
An endoplasm comes into view.
Robin roars a battlecry!
The goblins go into a battle-frenzy!
The giant cockroach completely misses you.
Robin roars a battlecry!
The hobgoblin goes into a battle-frenzy!
The giant cockroach bites you but does no damage.
Items here: ))) ††.
The hobgoblin no longer looks unusually strong.
Robin throws the goblin at you!
* * * LOW HITPOINT WARNING * * *
The goblin barely misses you. The goblin attacks as you move away!
The goblin hits you but does no damage.
The goblin no longer looks unusually strong.
The goblin hits you but does no damage. The goblin hits you but does no damage.
There is a stone staircase leading down here.
The goblin attacks as you move away! The goblin hits you with a +0 club.
You die...

....J.. #.# ..# .......
#.# #####.#
....)..###########.#
#.[...#
.......gl........#.#
#.##..#
........gS#####.##.#
#..)..#
.......##ggg.##.##.#
#<....# .......
####.B#....####.####..##
#######
##gg.......#........#
###@.####.#######.##
~~## #.## #.#........#
≈~~~##.# #.#.########
≈≈≈~~~.# #.#.# ~≈≈≈≈~.#
#.#.# ~≈≈~.# #.#.#
~~~~.# #.#.#
#####.#####.#.#
#...........#.#####


You could see Robin, a giant cockroach, 2 hobgoblins, 2 goblins, a ball python
and a frilled lizard.

Vanquished Creatures
  A dart slug (D:1)
  4 ball pythons (D:1)
  3 bats (D:1)
  An endoplasm (D:1)
  A giant cockroach (D:1)
  8 goblins
  3 hobgoblins (D:1)
  2 quokkas (D:1)
  5 frilled lizards
  2 kobolds
  7 rats
37 creatures vanquished.

Notes
Turn   | Place    | Note
-------+----------+-------------------------------------------
     0 | D:1      | timneilson the Gargoyle Fighter began the quest for the
                  | Orb.
     0 | D:1      | Reached XP level 1. HP: 14/14 MP: 1/1
   140 | D:1      | Reached XP level 2. HP: 19/19 MP: 2/2
   517 | D:1      | Reached XP level 3. HP: 22/23 MP: 3/3
   785 | D:1      | Got the Folio of Generative Reformation
  1186 | D:2      | Noticed Robin
  1208 | D:2      | Slain by a goblin

Illustrated notes

Levels and vault maps discovered:
D:1:      erik_arrival_orb_chamber, layout_loops_cross,
          hangedman_abyss_or_decor_stabs, minmay_tetromino_i4
D:2:      wander_river, layout_basic, basic_altar, uniq_robin

Skill      XL: |  1  2 |
---------------+-------+-----
Long Blades    | 2 |  2.1
Fighting       | |  3.5
Armour         | |  3.6
Dodging        | |  0.8
Shields        | |  3.8

Action                   || total
-------------------------++-------
Melee: Long sword        ||    98
  Use: Scroll            ||     4
       Potion            ||     1
Armor: Scale mail        ||    62
Dodge: Dodged            ||    55
Block: Buckler           ||    27

Table legend: (Time is in decaauts)
 A = Elapsed time spent in this place.
 B = Non-inter-level travel time spent in this place.
 C = Inter-level travel time spent in this place.
 D = Time resting spent in this place.
 E = Time spent auto-exploring this place.
 F = Levels seen in this place.
 G = Mean time per level.
                   A        B        C        D        E       F      G
               +--------+--------+--------+--------+--------+-----+--------+
         Total |   1239 |   1225 |     14 |      0 |    948 |   2 |  619.5 |
       Dungeon |   1239 |   1225 |     14 |      0 |    948 |   2 |  619.5 |
               +--------+--------+--------+--------+--------+-----+--------+

Top non-repeatable levels by time:
     D:1: 1014 daAuts
     D:2: 225 daAuts
